[Event "Titled Tuesday Blitz June 14 Late 2022"]
[White "Bernadskiy, Vitaliy"]
[Black "Golubev, Mikhail"]
[WhiteFideId "14100371"]
[BlackFideId "14100983"]
[WhiteElo "2473"]
[BlackElo "2374"]
[Result "1-0"]
[Round "04"]
[TimeControl "180+1"]
[Date "2022.06.14"]
[WhiteClock "0:01:50"]
[BlackClock "0:00:01"]

1. b3 d6 2. Bb2 Nd7 3. Nf3 Ngf6 4. d4 g6 5. g3 Bg7 6. Bg2 O-O 7. O-O a5 8. a4 c6 9. Na3 d5 10. c4 Ne4 11. cxd5 cxd5 12. Nb5 Ndf6 13. Ne5 Nd6 14. Nc3 Bf5 15. Nxd5 Nxd5 16. Bxd5 Ne4 17. Bxb7 Bxe5 18. dxe5 Rb8 19. Bd5 e6 20. Bxe4 Bxe4 21. Qxd8 Rfxd8 22. Bc3 Rxb3 23. Bxa5 Ra8 24. Bc7 Bc6 25. a5 Bb5 26. Ra2 h6 27. Rc1 g5 28. f3 Kh7 29. Kf2 Kg6 30. g4 Rc8 31. a6 1-0


[Site "https://www.chess.com"]

[Event "Titled Tuesday Blitz June 14 Late 2022"]
[White "Beulen, Marcel"]
[Black "Uskov, Artem"]
[WhiteFideId "1001450"]
[BlackFideId "34254854"]
[WhiteElo "2375"]
[BlackElo "2335"]
[Result "1-0"]
[Round "04"]
[TimeControl "180+1"]
[Date "2022.06.15"]
[WhiteClock "0:00:26"]
[BlackClock "0:00:09"]

1. e4 Nf6 2. e5 Nd5 3. g3 d6 4. exd6 exd6 5. Bg2 Nb6 6. Nf3 Be7 7. O-O O-O 8. d4 d5 9. Re1 Bf6 10. c3 Nc6 11. Bf4 Ne7 12. Nbd2 Ng6 13. Be3 c6 14. h3 Bf5 15. Kh2 Qc7 16. Qb3 Rae8 17. a4 Bd3 18. a5 Nc4 19. Nxc4 dxc4 20. Qd1 h5 21. Qd2 h4 22. Bg5 hxg3+ 23. fxg3 Qd6 24. Rxe8 Rxe8 25. Re1 Re4 26. Rxe4 Bxe4 27. Bxf6 Qxf6 28. Ne1 Bd5 29. Nc2 Ne7 30. Ne3 Qe6 31. Qf2 g6 32. Qf4 Bxg2 33. Kxg2 Nd5 34. Nxd5 Qxd5+ 35. Kh2 Qxa5 36. Qb8+ Kg7 37. Qxb7 Qb5 38. Qxb5 cxb5 39. Kg2 a5 40. Kf3 b4 41. Ke3 b3 42. Kd2 f5 43. h4 Kf6 44. Kc1 a4 45. Kb1 g5 46. hxg5+ Kxg5 47. Kc1 Kf6 48. Kb1 Ke6 49. Kc1 Kd5 50. Kb1 Ke4 51. Kc1 Kd5 52. Kb1 Kd6 53. Kc1 Ke6 54. Kb1 Kd5 55. Kc1 Ke4 56. Kb1 Kd3 57. d5 Ke3 58. d6 Kf3 59. d7 Kxg3 60. d8=Q f4 61. Qd6 1-0


[Site "https://www.chess.com"]

[Event "Titled Tuesday Blitz June 14 Late 2022"]
[White "Bilych, Olexiy"]
[Black "Holt, Conrad"]
[WhiteFideId "14156504"]
[BlackFideId "2034387"]
[WhiteElo "2189"]
[BlackElo "2586"]
[Result "0-1"]
[Round "04"]
[TimeControl "180+1"]
[Date "2022.06.14"]
[WhiteClock "0:00:04"]
[BlackClock "0:00:37"]

1. e4 e6 2. d4 d5 3. Nc3 Nf6 4. e5 Nfd7 5. f4 c5 6. Nf3 Nc6 7. Be3 cxd4 8. Nxd4 Bc5 9. Qd2 O-O 10. O-O-O a6 11. h4 Nxd4 12. Bxd4 b5 13. h5 b4 14. Ne2 a5 15. h6 g6 16. Kb1 Qb6 17. Qe3 a4 18. g4 Ba6 19. Ng3 b3 20. cxb3 axb3 21. a3 Rfc8 22. f5 Bxd4 23. Qxd4 Qxd4 24. Rxd4 Nxe5 25. Bxa6 Rxa6 26. Rb4 Nc4 27. Rd1 Rb6 28. Rxb6 Nxb6 29. Ne2 e5 30. Nc1 Rc4 31. Nxb3 Rxg4 32. Re1 f6 33. Nd2 gxf5 34. Rc1 Rg2 35. Nf3 Nc4 36. Nh4 Rxb2+ 37. Ka1 Rb3 38. Nxf5 Rxa3+ 39. Kb1 Kf7 40. Rg1 Ke6 41. Ng7+ Kd6 42. Ne8+ Ke7 43. Nc7 Rh3 44. Rg7+ Kd6 45. Ne8+ Ke6 46. Rxh7 Ne3 47. Nc7+ Kf5 48. Ne8 d4 49. Nd6+ Kg6 50. Rg7+ Kxh6 51. Rg8 Kh7 52. Rg1 Rh6 53. Ne4 Rg6 54. Rh1+ Kg7 55. Kc1 f5 56. Nf2 Rc6+ 57. Kd2 Rc2+ 58. Kd3 Rc3+ 59. Kd2 e4 60. Rg1+ Kf6 61. Nd1 Nxd1 62. Rg8 Ne3 63. Rf8+ Ke5 64. Rd8 Nc4+ 65. Kd1 d3 66. Re8+ Kf4 67. Rh8 d2 68. Rh4+ Ke5 69. Rh1 Rc1+ 70. Ke2 Rxh1 0-1


[Site "https://www.chess.com"]

[Event "Titled Tuesday Blitz June 14 Late 2022"]
[White "Bluebaum, Matthias"]
[Black "Florescu, Codrut-Constantin"]
[WhiteFideId "24651516"]
[BlackFideId "1202200"]
[WhiteElo "2556"]
[BlackElo "2191"]
[Result "1-0"]
[Round "04"]
[TimeControl "180+1"]
[Date "2022.06.14"]
[WhiteClock "0:01:12"]
[BlackClock "0:00:12"]

1. d4 Nf6 2. c4 e6 3. Nc3 Bb4 4. e3 O-O 5. Bd2 b6 6. Bd3 Bb7 7. Nf3 Bxc3 8. Bxc3 Ne4 9. Bxe4 Bxe4 10. d5 Bxf3 11. gxf3 d6 12. f4 Nd7 13. dxe6 fxe6 14. Rg1 Nf6 15. Qf3 Qe8 16. O-O-O Rd8 17. Rg3 Rd7 18. Rdg1 Re7 19. Qg2 Qd7 20. Rg5 Rff7 21. h4 Kf8 22. Qa8+ Re8 23. Qxa7 e5 24. fxe5 dxe5 25. Bxe5 Rd8 26. Qa3+ c5 27. Qc3 Ne4 28. Bxg7+ Rxg7 29. Qxg7+ Qxg7 30. Rxg7 1-0


[Site "https://www.chess.com"]

[Event "Titled Tuesday Blitz June 14 Late 2022"]
[White "Bobadilla Viera, Jorge Samuel"]
[Black "Kanyamarala, Trisha"]
[WhiteFideId "3906353"]
[BlackFideId "45004722"]
[WhiteElo "2202"]
[BlackElo "2134"]
[Result "1-0"]
[Round "04"]
[TimeControl "180+1"]
[Date "2022.06.15"]
[WhiteClock "0:00:34"]
[BlackClock "0:00:01"]

1. e4 c5 2. Nf3 d6 3. d4 cxd4 4. Nxd4 Nf6 5. Nc3 Nc6 6. Bg5 e6 7. Qd2 a6 8. O-O-O Bd7 9. f3 Rc8 10. h4 b5 11. Nxc6 Bxc6 12. Ne2 Qc7 13. Nd4 Bb7 14. h5 h6 15. Bxf6 gxf6 16. Kb1 d5 17. exd5 Bxd5 18. Bd3 Bd6 19. Rhe1 Bg3 20. Re2 Bf4 21. Qe1 Bg3 22. Qb4 Bd6 23. Qe1 Bg3 24. Qg1 Be5 25. Be4 Bxe4 26. fxe4 Qc5 27. Qe3 Rg8 28. c3 b4 29. cxb4 Qxb4 30. Qb3 Qa5 31. Red2 Bxd4 32. Rxd4 Rxg2 33. Qb7 Qc7 34. Qb3 Qc2+ 35. Qxc2 Rgxc2 36. Rd6 Kf8 37. Rxa6 Re2 38. Ra4 Rh2 39. Ra5 Rcc2 40. Rb5 Kg7 41. a4 Kf8 42. a5 Rc6 43. Rc1 Ra6 44. b4 f5 45. exf5 Rxh5 46. Rc8+ Kg7 47. Rcc5 Rxf5 48. Rxf5 exf5 49. Rxf5 Kg6 50. Rf2 f5 51. Kc2 Kg5 52. Kb3 Re6 53. b5 f4 54. b6 Re5 55. Kb4 Kg4 56. b7 Re8 57. a6 Kg3 58. Rf1 f3 59. a7 Kg2 60. Rxf3 Kxf3 61. b8=Q Rxb8+ 62. axb8=Q h5 63. Qh2 Kg4 64. Kc3 1-0


[Site "https://www.chess.com"]

[Event "Titled Tuesday Blitz June 14 Late 2022"]
[White "Bringas Gomez, Artai"]
[Black "Ivanisevic, Ivan"]
[WhiteFideId "24534064"]
[BlackFideId "912417"]
[WhiteElo "1988"]
[BlackElo "2535"]
[Result "0-1"]
[Round "04"]
[TimeControl "180+1"]
[Date "2022.06.14"]
[WhiteClock "0:01:43"]
[BlackClock "0:00:42"]

1. d4 d5 2. Nf3 Nf6 3. c4 e6 4. g3 h6 5. Bg2 Bd6 6. O-O O-O 7. Nbd2 Nc6 8. Re1 a5 9. e4 Be7 10. e5 Nd7 11. cxd5 exd5 12. Nf1 Nb6 13. Ne3 f6 14. Nh4 fxe5 15. Ng6 exd4 16. Nxf8 dxe3 17. Ng6 exf2+ 18. Kxf2 Bc5+ 19. Kf1 Qf6+ 20. Nf4 Bf5 21. Bxd5+ Kh8 22. Bxc6 Qxc6 23. Be3 Qh1+ 24. Kf2 Qxh2+ 25. Ng2 Be4 26. Bxc5 Qxg2+ 27. Ke3 Re8 28. Kf4 Nd5+ 29. Qxd5 Qf3# 0-1


[Site "https://www.chess.com"]

[Event "Titled Tuesday Blitz June 14 Late 2022"]
[White "Castellanos Hernandez, Emilio Au"]
[Black "Kosakowski, Jakub"]
[WhiteFideId "5114179"]
[BlackFideId "1185080"]
[WhiteElo "2021"]
[BlackElo "2476"]
[Result "1-0"]
[Round "04"]
[TimeControl "180+1"]
[Date "2022.06.15"]
[WhiteClock "0:00:11"]
[BlackClock "0:00:04"]

1. d4 d5 2. Bf4 Nf6 3. e3 c5 4. Nf3 Nc6 5. Nbd2 e6 6. c3 Bd6 7. Bg3 O-O 8. Bd3 b6 9. e4 Be7 10. e5 Nh5 11. Ng5 Bxg5 12. Qxh5 g6 13. Qe2 cxd4 14. h4 Bxd2+ 15. Qxd2 dxc3 16. bxc3 f5 17. h5 g5 18. f4 g4 19. Bh4 Qc7 20. O-O Na5 21. Qb2 Bd7 22. Rac1 Rfc8 23. Be7 Nc4 24. Qf2 h6 25. Qh4 Kh7 26. Qf6 Rg8 27. Bxf5+ exf5 28. e6 Rg7 29. Qxf5+ Kh8 30. Bf6 Bc6 31. Qg6 Kg8 32. Qxh6 Ne3 33. e7 Nf5 34. Be5 Nxh6 35. Bxc7 Rxe7 36. Be5 Nf5 37. Rfe1 Kf7 38. Kf2 Bb5 39. a4 Bd3 40. Red1 Be4 41. c4 g3+ 42. Kg1 Rc8 43. cxd5 Rxc1 44. Rxc1 Bxd5 45. Rc8 Rd7 46. Kf1 Bb7 47. Rc1 Rd2 48. Rc7+ Ke6 49. Rxb7 Ne3+ 50. Ke1 Rxg2 51. Rg7 Nc2+ 52. Kd1 Ne3+ 53. Ke1 Nf5 54. Rg6+ Kd5 55. h6 Rh2 56. Kf1 Ke4 57. Kg1 Kf3 58. Rg5 Ne3 59. Rxg3+ Kxg3 60. f5+ 1-0


[Site "https://www.chess.com"]

[Event "Titled Tuesday Blitz June 14 Late 2022"]
[White "Chiu, Isaac"]
[Black "Paravyan, David"]
[WhiteFideId "30900654"]
[BlackFideId "4194985"]
[WhiteElo "2117"]
[BlackElo "2569"]
[Result "1-0"]
[Round "04"]
[TimeControl "180+1"]
[Date "2022.06.14"]
[WhiteClock "0:00:09"]
[BlackClock "0:00:06"]

1. Nf3 Nf6 2. b3 c5 3. Bb2 Nc6 4. e3 g6 5. Be2 Bg7 6. O-O O-O 7. c4 Re8 8. d4 cxd4 9. Nxd4 Nxd4 10. Bxd4 e5 11. Bb2 d5 12. cxd5 Qxd5 13. Nc3 Qxd1 14. Rfxd1 Bd7 15. Bf3 Rab8 16. Ne4 Nxe4 17. Rxd7 Nc5 18. Rd2 e4 19. Bxg7 Kxg7 20. Be2 Red8 21. Rad1 Ne6 22. Bc4 Rxd2 23. Rxd2 Rd8 24. Rxd8 Nxd8 25. Kf1 f5 26. f3 exf3 27. gxf3 Kf6 28. Ke2 Nc6 29. f4 b6 30. a3 g5 31. Bd5 Ne7 32. Bc4 Ng6 33. Kf3 h5 34. h3 h4 35. Ba6 Ne7 36. Bb7 Ng6 37. Ba6 Ne7 38. Bb7 a5 39. Ba6 Nd5 40. Bc4 Nc3 41. b4 a4 42. Bd3 Kg6 43. e4 fxe4+ 44. Bxe4+ Kf6 45. Bd3 Nd5 46. fxg5+ Kxg5 47. Ke4 Nc3+ 48. Kd4 Nd1 49. Bb5 Nf2 50. Bxa4 Nxh3 51. Bd7 Nf4 52. a4 Kf6 53. a5 bxa5 54. bxa5 h3 55. Bxh3 Nxh3 56. a6 Nf4 57. Kc5 Nd3+ 58. Kb5 Nf4 59. a7 Ne6 60. Kb6 Nf8 61. a8=Q Nd7+ 62. Kc7 Ne5 63. Qe4 Nf7 64. Kd7 Ng5 65. Qf4+ Kg6 66. Ke7 Kh5 67. Kf6 Nh3 68. Qg3 Nf4 69. Qg5# 1-0


[Site "https://www.chess.com"]

[Event "Titled Tuesday Blitz June 14 Late 2022"]
[White "Colpe, Malte"]
[Black "Bryakin, Mikhail"]
[WhiteFideId "24623075"]
[BlackFideId "4165314"]
[WhiteElo "2328"]
[BlackElo "2417"]
[Result "1-0"]
[Round "04"]
[TimeControl "180+1"]
[Date "2022.06.14"]
[WhiteClock "0:00:09"]
[BlackClock "0:00:05"]

1. e4 g6 2. d4 Bg7 3. Nf3 d6 4. h3 Nd7 5. Bc4 e6 6. Bb3 Ne7 7. c3 b6 8. Nbd2 Bb7 9. O-O a6 10. Re1 h6 11. Nf1 g5 12. Ng3 Ng6 13. Nh5 Bf8 14. d5 e5 15. Nh2 Nf4 16. Ng3 Nc5 17. Bc2 a5 18. b4 Nd7 19. Nf5 Ba6 20. Ng4 h5 21. Nge3 f6 22. g3 Ng6 23. Ba4 Kf7 24. Bc6 Rb8 25. Qf3 Bb7 26. Rb1 Bg7 27. bxa5 Bc8 28. axb6 Rxb6 29. Ba3 Rxb1 30. Rxb1 Nb6 31. Rxb6 cxb6 32. Nxd6+ Kg8 33. Be8 Rh6 34. Bf7+ Kh7 35. Nef5 Bxf5 36. Nxf5 Qa8 37. Nxh6 Kxh6 38. c4 Qa5 39. Kg2 Qe1 40. Bxg6 Kxg6 41. d6 Qd2 42. Qf5+ Kh6 43. d7 g4 44. hxg4 hxg4 45. Be7 Qd1 46. d8=Q 1-0


[Site "https://www.chess.com"]

[Event "Titled Tuesday Blitz June 14 Late 2022"]
[White "Daggupati, Balaji"]
[Black "Reprintsev, Alexander"]
[WhiteFideId "2090759"]
[BlackFideId "14100541"]
[WhiteElo "2712"]
[BlackElo "2108"]
[Result "1/2-1/2"]
[Round "04"]
[TimeControl "180+1"]
[Date "2022.06.14"]
[WhiteClock "0:00:32"]
[BlackClock "0:00:33"]

1. e4 d5 2. exd5 Qxd5 3. Nc3 Qa5 4. d4 Nf6 5. Bd2 Bg4 6. f3 Bd7 7. Bc4 Qb6 8. Qe2 Nc6 9. O-O-O Nxd4 10. Qe1 c5 11. Nge2 e6 12. Bg5 Be7 13. Ne4 O-O-O 14. Nxf6 gxf6 15. Be3 Bb5 16. Bxb5 Nxb5 17. Qh4 Nd6 18. Nc3 Nf5 19. Qe4 Rxd1+ 20. Rxd1 Rd8 21. Rxd8+ Qxd8 22. Bf2 h5 23. Qa4 a6 24. Qc4 b5 25. Qe4 Qb6 26. Qa8+ Kd7 27. Ne4 Nd4 28. Qg8 f5 29. Ng3 h4 30. Nh5 c4 31. Qxf7 Ne2+ 32. Kd1 Qxf2 33. Nf6+ Kd6 34. Ne8+ Kd7 35. Nf6+ Kd6 36. Ne8+ Kd7 37. Nf6+ 1/2-1/2


[Site "https://www.chess.com"]

[Event "Titled Tuesday Blitz June 14 Late 2022"]
[White "Dardha, Daniel"]
[Black "Yoo, Christopher Woojin"]
[WhiteFideId "240990"]
[BlackFideId "30909694"]
[WhiteElo "2482"]
[BlackElo "2105"]
[Result "1-0"]
[Round "04"]
[TimeControl "180+1"]
[Date "2022.06.14"]
[WhiteClock "0:00:08"]
[BlackClock "0:00:01"]

1. d4 Nf6 2. c4 e6 3. Nc3 Bb4 4. Qc2 O-O 5. Nf3 d5 6. a3 Be7 7. cxd5 exd5 8. Bg5 c6 9. e3 Ne4 10. Bxe7 Qxe7 11. Bd3 Bf5 12. Nd2 Re8 13. Bxe4 dxe4 14. Ne2 Nd7 15. Ng3 Bg6 16. Rc1 h5 17. Ne2 h4 18. h3 Rac8 19. O-O Bf5 20. Qa4 a6 21. Qa5 c5 22. dxc5 Rxc5 23. Rxc5 Qxc5 24. Qxc5 Nxc5 25. Rc1 Nd3 26. Rc7 Rc8 27. Rxc8+ Bxc8 28. Nxe4 Nxb2 29. Nd6 Bd7 30. Nxb7 Na4 31. Nd4 Kf8 32. Kh2 Ke7 33. g3 hxg3+ 34. Kxg3 Bc8 35. Na5 Kd6 36. Nc4+ Kd5 37. Nd2 Nc3 38. f3 Bd7 39. Nc2 a5 40. e4+ Kc5 41. h4 a4 42. Kf4 Be6 43. Kg5 Nb5 44. h5 Bb3 45. Ne3 Nxa3 46. Nf5 Nb5 47. Nxg7 f6+ 48. Kxf6 Bg8 49. Nb1 Kb4 50. h6 Nc3 51. Nxc3 Kxc3 52. e5 a3 53. e6 a2 54. e7 a1=Q 55. e8=Q Kd3+ 56. Qe5 Qa6+ 57. Ne6 Qc8 58. Nc5+ Kc4 59. Ne6 Kd3 60. Ng5 Qf8+ 61. Kg6 Kc4 62. Qf6 Qe8+ 63. Kg7 Bd5 64. h7 Qd7+ 65. Nf7 Bxf7 66. Qxf7+ 1-0


[Site "https://www.chess.com"]

[Event "Titled Tuesday Blitz June 14 Late 2022"]
[White "Fedoseev, Vladimir"]
[Black "Pinheiro, Iung Alicio de O."]
[WhiteFideId "24130737"]
[BlackFideId "2104350"]
[WhiteElo "2726"]
[BlackElo "2283"]
[Result "1-0"]
[Round "04"]
[TimeControl "180+1"]
[Date "2022.06.14"]
[WhiteClock "0:00:57"]
[BlackClock "0:00:13"]

1. e4 c5 2. Nf3 Nc6 3. Bb5 e6 4. O-O Nge7 5. Re1 Nd4 6. Bf1 Nec6 7. Nxd4 cxd4 8. d3 Bc5 9. Nd2 O-O 10. f4 f5 11. Nf3 b6 12. exf5 Rxf5 13. g3 Bb7 14. Bg2 Rb8 15. a3 a5 16. Bd2 Rf8 17. Qe2 b5 18. Ng5 h6 19. Nxe6 dxe6 20. Bxc6 Rf6 21. Bxb7 Rxb7 22. Qe5 Bf8 23. Re4 Qc8 24. Rc1 Bc5 25. Bxa5 Rd7 26. Ree1 Bd6 27. Qe4 Re7 28. Bb4 Bxb4 29. axb4 Qd7 30. Ra1 Re8 31. Ra8 Rff8 32. Rxe8 Rxe8 33. Qe5 Qc6 34. Re2 Ra8 35. Qxe6+ Qxe6 36. Rxe6 Ra2 37. Rb6 Rxb2 38. Rxb5 Rxc2 39. Rd5 Rb2 40. Rxd4 Kf7 41. g4 Kf6 42. h4 g6 43. Rd6+ Kf7 44. Rb6 Rd2 45. g5 h5 46. Rf6+ Kg7 47. Rd6 Rb2 48. Rd7+ Kf8 49. Rb7 Rd2 50. b5 Rxd3 51. Kg2 Rb3 52. b6 Kg8 53. Kf2 Kh8 54. Ke2 Kg8 55. Kd2 Kf8 56. Kc2 Rb4 57. Kc3 Rxf4 58. Rc7 1-0


[Site "https://www.chess.com"]

[Event "Titled Tuesday Blitz June 14 Late 2022"]
[White "Ferreira, Vitor Hugo Vieira"]
[Black "Yuan, Qingyu"]
[WhiteFideId "2119765"]
[BlackFideId "8609772"]
[WhiteElo "2165"]
[BlackElo "2359"]
[Result "0-1"]
[Round "04"]
[TimeControl "180+1"]
[Date "2022.06.15"]
[WhiteClock "0:00:07"]
[BlackClock "0:00:07"]

1. d4 d5 2. c4 e6 3. Nc3 Nf6 4. Bg5 dxc4 5. e3 c5 6. Bxc4 cxd4 7. exd4 Nc6 8. Nf3 Be7 9. O-O O-O 10. Re1 a6 11. a3 b5 12. Ba2 Bb7 13. Qd3 b4 14. Na4 g6 15. Rad1 Nd5 16. Bh6 Re8 17. Nc5 Bc8 18. h4 bxa3 19. bxa3 Qd6 20. h5 Nf4 21. Qe3 Nxh5 22. g4 Nf6 23. Bf4 Nd5 24. Bxd6 Nxe3 25. Rxe3 Bxd6 26. Ne4 Bf4 27. Nf6+ Kf8 28. Nxe8 Bxe3 29. Nc7 Ra7 30. Nxe6+ Bxe6 31. Bxe6 Bxf2+ 32. Kxf2 fxe6 33. Ng5 Re7 34. Ke3 Kg7 35. Nf3 Rb7 36. Rc1 Rb3+ 37. Ke4 Ne7 38. Rc7 Kf8 39. Ng5 h5 40. gxh5 gxh5 41. Nxe6+ Ke8 42. d5 Re3+ 43. Kd4 Nf5+ 44. Kc5 Rc3+ 45. Kb6 Rxc7 46. Kxc7 h4 0-1


[Site "https://www.chess.com"]

[Event "Titled Tuesday Blitz June 14 Late 2022"]
[White "Girsh, Daniel"]
[Black "Rosen, Eric"]
[WhiteFideId "30949190"]
[BlackFideId "2032562"]
[WhiteElo "2506"]
[BlackElo "2362"]
[Result "0-1"]
[Round "04"]
[TimeControl "180+1"]
[Date "2022.06.15"]
[WhiteClock "0:00:08"]
[BlackClock "0:00:07"]

1. e4 c5 2. Nf3 Nc6 3. Bb5 e6 4. O-O Nge7 5. Re1 a6 6. Bxc6 Nxc6 7. d4 cxd4 8. Nxd4 Qc7 9. Nc3 Bd6 10. h3 Nxd4 11. Qxd4 Be5 12. Qd3 b5 13. a3 Bb7 14. Bd2 O-O 15. Rad1 Rac8 16. Re3 Rfd8 17. Ree1 h6 18. g3 Qc5 19. Be3 Qc4 20. Bd4 Bxd4 21. Qxd4 d6 22. Re3 Qxd4 23. Rxd4 Kf8 24. f3 Ke7 25. Kf2 Rc7 26. Rd2 Rc4 27. Red3 b4 28. axb4 Rxb4 29. b3 a5 30. Ke3 Ba6 31. Rd4 Rxd4 32. Rxd4 Rc8 33. Kd2 g5 34. Ra4 Rc5 35. Nd1 Bf1 36. Nf2 Bg2 37. f4 gxf4 38. gxf4 Rh5 39. Nd3 Rxh3 40. e5 Rh2 41. Kc3 dxe5 42. fxe5 h5 43. Rxa5 h4 44. Ra8 h3 45. Rh8 Rh1 46. Nf4 Re1 47. Rh5 Re3+ 48. Kd2 Rf3 49. Nd3 Rg3 50. b4 Bd5 51. b5 Rg2+ 52. Kc3 h2 53. b6 Re2 54. Nc1 h1=Q 55. Rxh1 Re3+ 56. Kd4 Re4+ 57. Kd3 Rxe5 58. Rh8 Kd7 59. Nb3 Kc6 60. Rb8 Rh5 61. Nd4+ Kd6 62. b7 Kc7 63. Rf8 Kxb7 64. Rxf7+ Kb6 65. Rf6 Re5 66. c3 Kc5 67. Nc2 Bc4+ 68. Kd2 Re2+ 69. Kd1 Rh2 70. Ne3 Bb3+ 71. Ke1 Ra2 72. Rf4 Kd6 73. Rd4+ Ke5 74. Rb4 Bc2 75. Nxc2 Rxc2 76. Rc4 Kd5 77. Rd4+ Kc5 78. Re4 Kd5 79. Rd4+ Ke5 80. Rc4 Kd6 81. Rd4+ Kc6 82. Rc4+ Kd7 83. Rd4+ Ke7 84. Kd1 Rxc3 85. Kd2 Ra3 86. Rd3 Ra4 87. Ke3 Kf6 88. Rd1 Rh4 89. Ra1 Kf5 90. Ra8 Rh3+ 91. Ke2 e5 92. Ra4 Rh2+ 93. Ke3 Rh3+ 94. Ke2 Rb3 95. Kf2 Rb7 96. Ke2 Rf7 97. Ke3 Rh7 98. Ke2 Rh1 99. Ke3 Rh2 100. Kf3 Ke6 101. Ke4 Re2+ 102. Kd3 Re1 103. Re4 Rd1+ 104. Ke2 Ra1 105. Ke3 Kf5 106. Rb4 Ra3+ 107. Kf2 Rd3 108. Ke2 Rh3 109. Kf2 Rh2+ 110. Ke3 Ra2 111. Kf3 Ra8 112. Ke3 Rc8 113. Ke2 Rc5 114. Ke3 Ke6 115. Ke4 Ra5 116. Rb6+ Ke7 117. Kf5 Kd7 118. Rh6 Ke7 119. Ke4 Kf7 120. Kf5 Kg7 121. Re6 e4+ 122. Kxe4 Ra1 123. Re5 Kf6 124. Kf4 Rf1+ 125. Ke3 Re1+ 126. Kd4 Rxe5 127. Kd3 Ke6 128. Kd4 Kd6 129. Kd3 Re6 130. Kc3 Kc5 131. Kb3 Re3+ 132. Ka4 Rf3 133. Ka5 Ra3# 0-1


[Site "https://www.chess.com"]

[Event "Titled Tuesday Blitz June 14 Late 2022"]
[White "Gurevich, Dmitry"]
[Black "Adury, Anant"]
[WhiteFideId "2000407"]
[BlackFideId "30964687"]
[WhiteElo "2506"]
[BlackElo "2203"]
[Result "1-0"]
[Round "04"]
[TimeControl "180+1"]
[Date "2022.06.15"]
[WhiteClock "0:00:10"]
[BlackClock "0:00:11"]

1. d4 Nf6 2. c4 d6 3. Nc3 e5 4. Nf3 Nc6 5. d5 Ne7 6. e4 Ng6 7. g3 Be7 8. h4 Bg4 9. Be2 O-O 10. Be3 h5 11. Ng5 Bxe2 12. Qxe2 Ng4 13. Bd2 c5 14. f3 Nf6 15. Kf2 Nh7 16. Kg2 Nxg5 17. hxg5 Bxg5 18. Rxh5 Bxd2 19. Qxd2 f6 20. a3 Kf7 21. Rah1 Qd7 22. Nd1 Rh8 23. Ne3 Rxh5 24. Rxh5 Rh8 25. Rxh8 Nxh8 26. Qa5 b6 27. Qa6 Ng6 28. b4 Ne7 29. bxc5 bxc5 30. Qb5 Qc7 31. a4 g6 32. a5 Nc8 33. a6 Nb6 34. Qc6 Qxc6 35. dxc6 Ke7 36. Nd5+ Nxd5 37. exd5 f5 38. Kf2 g5 39. g4 fxg4 40. fxg4 Kd8 41. Kf3 Kc7 42. Ke4 Kb6 43. Kf5 Kxa6 44. Kxg5 Kb6 45. Kf5 a5 46. g5 a4 47. g6 a3 48. g7 a2 49. g8=Q a1=Q 50. Qb8+ 1-0


[Site "https://www.chess.com"]

[Event "Titled Tuesday Blitz June 14 Late 2022"]
[White "Guz, Ari"]
[Black "Sarana, Alexey"]
[WhiteFideId "2825759"]
[BlackFideId "24133795"]
[WhiteElo "1913"]
[BlackElo "2666"]
[Result "0-1"]
[Round "04"]
[TimeControl "180+1"]
[Date "2022.06.14"]
[WhiteClock "0:00:17"]
[BlackClock "0:01:05"]

1. Nf3 d5 2. b3 c5 3. Bb2 Nc6 4. e3 a6 5. d4 cxd4 6. exd4 Bg4 7. Be2 e6 8. Nbd2 Nf6 9. O-O Bd6 10. Ne5 Bxe2 11. Qxe2 Qc7 12. Ndf3 O-O 13. c4 Rac8 14. Rac1 dxc4 15. Rxc4 Qb6 16. Rfc1 Ne7 17. h3 Qb5 18. Qc2 Rcd8 19. Qd2 Qd5 20. Qe2 Qe4 21. Qxe4 Nxe4 22. R4c2 Nd5 23. Nc4 Bf4 24. Re1 Nd6 25. a3 Rc8 26. g3 Bh6 27. Ree2 Nb5 28. Nce5 g6 29. Nd7 Rfd8 30. Nc5 Rc7 31. a4 Nd6 32. Ba3 Rdc8 33. Ra2 Nf5 34. Ra1 Bg7 35. Bb2 Nxd4 36. Bxd4 Bxd4 37. Nxd4 Rxc5 38. b4 Rc4 0-1


[Site "https://www.chess.com"]

[Event "Titled Tuesday Blitz June 14 Late 2022"]
[White "Guzman, Christopher"]
[Black "Rios Escobar, Adan"]
[WhiteFideId "6405096"]
[BlackFideId "3403645"]
[WhiteElo "2244"]
[BlackElo "2443"]
[Result "1-0"]
[Round "04"]
[TimeControl "180+1"]
[Date "2022.06.15"]
[WhiteClock "0:01:29"]
[BlackClock "0:00:07"]

1. e4 c5 2. Nf3 d6 3. d4 cxd4 4. Nxd4 Nf6 5. Nc3 a6 6. h4 e5 7. Nb3 Be6 8. f4 b5 9. f5 Bc8 10. a3 Bb7 11. Bd3 h5 12. Bg5 Be7 13. Qe2 Nbd7 14. O-O-O Rc8 15. Kb1 Qc7 16. Ka1 Nc5 17. Bxf6 Bxf6 18. Bxb5+ axb5 19. Nxb5 Nxb3+ 20. cxb3 Qc2 21. Nxd6+ Kf8 22. Qxc2 Rxc2 23. Nxb7 Ke7 24. Rc1 Rhc8 25. Kb1 Rxc1+ 26. Rxc1 Rxc1+ 27. Kxc1 Bxh4 28. b4 g5 29. fxg6 fxg6 30. Kd2 g5 31. a4 g4 32. Ke2 Kd7 33. Nc5+ Kc6 34. Nd3 Bg3 35. b3 h4 36. Kf1 h3 37. Kg1 Kb6 38. b5 Ka5 39. Kh1 Bf4 40. gxh3 gxh3 41. Kg1 Bg3 42. Kh1 Bf4 43. b4+ Kb6 44. Nxf4 exf4 45. Kh2 f3 46. Kxh3 f2 47. Kg2 1-0


[Site "https://www.chess.com"]

[Event "Titled Tuesday Blitz June 14 Late 2022"]
[White "Horcajuelo Rocamora, Martin"]
[Black "Gomez Dieguez, David"]
[WhiteFideId "24573027"]
[BlackFideId "22223630"]
[WhiteElo "1822"]
[BlackElo "2117"]
[Result "1-0"]
[Round "04"]
[TimeControl "180+1"]
[Date "2022.06.15"]
[WhiteClock "0:00:18"]
[BlackClock "0:00:08"]

1. e4 c6 2. Nf3 d5 3. exd5 cxd5 4. d4 Nc6 5. Bf4 Nf6 6. h3 Bf5 7. Bb5 e6 8. O-O Bd6 9. Be5 O-O 10. Re1 a6 11. Bd3 Bxd3 12. Qxd3 Rc8 13. c3 b5 14. a3 Na5 15. Nbd2 Bxe5 16. Nxe5 Nc4 17. b4 Nb2 18. Qc2 Na4 19. Re3 Qc7 20. Rc1 Ne8 21. Nb3 Nb6 22. Nc5 Ra8 23. Rg3 Nf6 24. Qe2 Nc4 25. Qd2 Nxa3 26. Qg5 Ne8 27. Qg4 f5 28. Qf3 Rf6 29. Re1 Nc4 30. Nxc4 bxc4 31. Rxe6 a5 32. Rxf6 Nxf6 33. Ne6 Qd6 34. Nxg7 Kh8 35. Nxf5 Qf8 36. bxa5 Rxa5 37. Nh4 Ra1+ 38. Kh2 Nd7 39. Qxf8+ Nxf8 40. Nf5 Ne6 41. Ne7 h5 42. Nxd5 Ra2 43. Nf6 Ng7 44. Rf3 Rc2 45. d5 Rd2 46. Kg3 h4+ 47. Kxh4 Rd3 48. Rxd3 cxd3 49. Ne4 Nf5+ 50. Kg5 Ne7 51. c4 Kg7 52. Kf4 Ng6+ 53. Ke3 Ne5 54. c5 Kg6 55. c6 Kf5 56. c7 Nc4+ 57. Kxd3 Nb2+ 58. Ke3 Ke5 59. c8=Q Nc4+ 60. Ke2 Nd6 61. Qe6+ Kd4 62. Nxd6 Kc5 63. Qe3+ Kxd5 64. Nf5 Kc6 65. Qd4 Kb7 66. Qc5 Kb8 67. Qe7 Ka8 68. Kd3 Kb8 69. Kc4 Ka8 70. Kc5 Kb8 71. Kb6 Ka8 72. Qb7# 1-0


[Site "https://www.chess.com"]

[Event "Titled Tuesday Blitz June 14 Late 2022"]
[White "Isajevsky, Anton"]
[Black "Zierk, Steven"]
[WhiteFideId "4142500"]
[BlackFideId "2034255"]
[WhiteElo "2510"]
[BlackElo "2494"]
[Result "0-1"]
[Round "04"]
[TimeControl "180+1"]
[Date "2022.06.14"]
[WhiteClock "0:00:26"]
[BlackClock "0:01:59"]

1. c4 Nf6 2. Nc3 g6 3. g3 Bg7 4. Bg2 O-O 5. e3 c6 6. Nge2 d5 7. cxd5 cxd5 8. d4 Nc6 9. O-O b6 10. b3 Ba6 11. Ba3 Re8 12. Qd2 e5 13. dxe5 Nxe5 14. Rfd1 Nd3 15. Nf4 Ne4 16. Nxe4 dxe4 17. Rab1 Rc8 18. Bxe4 Nxf4 19. Qxd8 Ne2+ 20. Kg2 Rcxd8 0-1


[Site "https://www.chess.com"]

[Event "Titled Tuesday Blitz June 14 Late 2022"]
[White "Janaszak, Dawid"]
[Black "Terry, Renato"]
[WhiteFideId "1119206"]
[BlackFideId "3803457"]
[WhiteElo "2199"]
[BlackElo "2577"]
[Result "1-0"]
[Round "04"]
[TimeControl "180+1"]
[Date "2022.06.14"]
[WhiteClock "0:00:07"]
[BlackClock "0:00:02"]

1. e4 e6 2. d4 d5 3. Bd3 dxe4 4. Bxe4 Nf6 5. Bf3 Nbd7 6. Ne2 Bd6 7. Nbc3 c6 8. Bf4 Bxf4 9. Nxf4 O-O 10. O-O e5 11. dxe5 Nxe5 12. Re1 Qc7 13. Nd3 Neg4 14. g3 Bf5 15. Bg2 Rad8 16. Qf3 Bxd3 17. cxd3 Qd6 18. Rad1 Qd4 19. Re7 Rd7 20. Rxd7 Qxd7 21. d4 Nh6 22. d5 c5 23. d6 b6 24. Nd5 Nxd5 25. Qxd5 Rd8 26. Be4 Ng4 27. Bc2 Nf6 28. Qd3 b5 29. Qc3 Qc6 30. Qe5 c4 31. Bf5 Re8 32. Qd4 Qb6 33. Qxb6 axb6 34. d7 Rd8 35. Rd6 Kf8 36. Rxb6 Ke7 37. Rxb5 g6 38. Bh3 h5 39. a4 Ra8 40. a5 g5 41. Bf5 g4 42. Kg2 Kd8 43. f3 gxf3+ 44. Kxf3 Ke7 45. Kf4 c3 46. bxc3 Rg8 47. c4 h4 48. g4 Nh5+ 49. gxh5 Ra8 50. Re5+ Kd6 51. Re8 Rxa5 52. d8=Q+ Kc5 53. Qxa5+ 1-0


[Site "https://www.chess.com"]